AoeStats
← ThunderboltX

Arabia

509634370Analyzed
1v1 RM · 6d ago on Sep 27, 2026· 56m 59s· 2 players
Game mode
Random Map
Map size
Tiny (2 player)
Population
200
Speed
Normal
Resources
Standard
Victory
Conquest
Starting age
Dark Age
Ending age
Imperial Age
RankedLock teamsTeams togetherTeam positionsShared explorationLock speedFull tech treeHidden civsTurbo modeCheats
Victory
Defeat
🇹🇷 Romans · Türkiye
2574
+10
🇧🇬 Portuguese · Bulgaria
2426
-10
ThunderboltX
5:46 Loom
9:49 Feudal Age
9:51 Man-at-Arms
20:33 Castle Age
18:53 Fletching
19:12 Horse Collar
19:46 Gold Mining
21:10 Bodkin Arrow
20:44 Crossbowman
22:31 Double-Bit Axe
24:07 Ballistics
25:12 Padded Archer Armor
25:29 Bow Saw
32:12 Wheelbarrow
39:33 Imperial Age
37:46 Town Watch
41:15 Chemistry
41:55 Siege Engineers
45:59 Pikeman
46:40 Scale Mail Armor
46:50 Forging
50:02 Forging
50:34 Bracer
51:13 Murder Holes
51:37 Halberdier
52:33 Chain Mail Armor
52:01 Long Swordsman
52:17 Cavalier
52:58 Husbandry
53:08 Bloodlines
54:12 Scale Barding Armor
KASVA
7:57 Loom
11:08 Feudal Age
12:18 Double-Bit Axe
14:42 Fletching
22:52 Castle Age
20:52 Horse Collar
21:38 Padded Archer Armor
22:24 Gold Mining
22:55 Crossbowman
23:30 Bodkin Arrow
23:54 Leather Archer Armor
23:44 Town Watch
24:41 Ballistics
25:27 Bow Saw
25:03 Elite Skirmisher
28:31 Wheelbarrow
28:24 Heavy Plow
35:31 Stone Mining
40:51 Imperial Age
39:18 Hand Cart
38:56 Pikeman
39:37 Squires
39:43 Scale Mail Armor
41:43 Chain Mail Armor
41:38 Forging
41:56 Man-at-Arms
43:51 Chemistry
44:04 Bloodlines
43:15 Light Cavalry
43:55 Husbandry
44:01 Scale Barding Armor
45:49 Chain Barding Armor
46:18 Masonry
50:05 Crop Rotation
53:24 Conscription
54:03 Plate Barding Armor
54:31 Iron Casting
57:30 Blast Furnace
Connection lost

Rejoining the realm…

Still unreachable

The connection could not be restored.

Session expired

The server has moved on; the page needs a fresh start.